 Dungeon Crawl Stone Soup version 0.28.0-53-g5a82cb258f (webtiles) character file.

Game seed: 13420692275070122860

12414 Infinimo the Basher (level 11, -2/72 HPs)
             Began as a Gargoyle Berserker on June 16, 2022.
             Was an Elder of Trog.
             Slain by Sonja
             ... wielding a +2 dagger of distortion
              (6 damage)
             ... on level 1 of the Lair of Beasts.
             The game lasted 00:17:10 (13583 turns).

Infinimo the Basher (Gargoyle Berserker)           Turns: 13583, Time: 00:17:11

Health: -2/72      AC: 25    Str: 25    XL:     11   Next: 93%
Magic:  11/11      EV:  7    Int:  8    God:    Trog [****..]
Gold:   711        SH:  5    Dex:  9    Spells: 10/10 levels left

rFire   . . .      SeeInvis .   a - +3 morningstar
rCold   . . .      Faith    .   p - +0 buckler
rNeg    + + .      Spirit   .   h - +1 plate armour
rPois   ∞          Reflect  .   v - +1 hat
rElec   +          Harm     .   t - scarf {repulsion}
rCorr   .          Rampage  .   b - +0 pair of gloves
Will    .....                   (no boots)
Stlth   ..........              x - amulet of regeneration
HPRegen 1.02/turn               H - ring of positive energy
MPRegen 0.12/turn               (no ring)

@: mighty, on berserk cooldown, slowed, repel missiles, very slow
A: sickness immunity, AC +8, negative energy resistance 1, electricity
resistance, torment resistance 1, petrification resistance
a: Renounce Religion, Berserk, Trog's Hand, Brothers in Arms


You were on level 1 of the Lair of Beasts.
You worshipped Trog.
Trog was greatly pleased with you.
You visited 2 branches of the dungeon, and saw 11 of its levels.
You also visited: Ossuary and Bailey.

You collected 711 gold pieces.

Inventory:

Hand Weapons
 a - a +3 morningstar (weapon)
Missiles
 f - 5 throwing nets (quivered)
Armour
 b - a +0 pair of gloves (worn)
 h - a +1 plate armour (worn)
 p - a +0 buckler (worn)
 t - a scarf of repulsion (worn)
 v - a +1 hat (worn)
Jewellery
 x - an amulet of regeneration (around neck)
 H - a ring of positive energy (left hand)
Wands
 c - a wand of acid (8)
 d - a wand of polymorph (2)
 n - a wand of paralysis (16)
 o - a wand of iceblast (15)
Scrolls
 e - a scroll of enchant weapon
 u - a scroll of brand weapon
 B - 2 scrolls of fog
Potions
 g - 3 potions of mutation
 j - 3 potions of lignification
 l - 8 potions of curing
 m - 3 potions of brilliance
 q - a potion of heal wounds
 z - 2 potions of ambrosia
 C - a potion of attraction
 D - 4 potions of cancellation
 E - 3 potions of flight
 F - 2 potions of degeneration
 G - a potion of resistance


   Skills:
 + Level 10.1 Fighting
 * Level 12.5 Maces & Flails
 + Level 9.8 Armour
 - Level 1.5 Dodging
 + Level 8.0 Shields


You had 10 spell levels left.
You didn't know any spells.
Your spell library was empty.

Dungeon Overview and Level Annotations

Branches:
Dungeon (10/15)            Temple (0/1) D:4            Lair (1/6) D:10
    Orc (0/2) D:10        Ossuary (visited)          Bailey (visited)

Altars:
Ashenzari
Cheibriados
Gozag
Hepliaklqana
Kikubaaqudgha
Nemelex Xobeh
Okawaru
Qazlal
Sif Muna
Trog
Uskayaw
Yredelemnul
Zin

Shops:
D:1 *

Portals:
Trove: D:10 (give +6 demon whip)

Annotations:
D:10 2 transporters, gnacko's ghost, novice KoEn
Lair:1 Sonja


Innate Abilities, Weirdness & Mutations

You are immune to sickness and miasma.
Your stone body is resilient. (AC +8)
You are immune to poison.
You resist negative energy. (rN+)
You are resistant to electric shocks. (rElec)
You are resistant to unholy torment.
You are immune to petrification.


Message History

Sonja casts a spell.
Sonja blinks!
You feel a strong urge to attack something.
You feel your anger nearly subside.
Sonja hits you with a +2 dagger of distortion!
Space warps around you.
Sonja hits you but does no damage. x2; You blink.
You are no longer berserk.
You are exhausted.
You feel yourself slow down.
Sonja casts a spell.
Sonja blinks!
Okay, then.
As you read the scroll of fog, it crumbles to dust.
The scroll dissolves into smoke.
Sonja throws a curare-tipped dart.
The curare-tipped dart hits you.
Sonja gestures wildly while chanting.
Sonja blinks!
You completely miss Sonja. You block Sonja's attack.
Sonja hits you with a +2 dagger of distortion.
Sonja barely misses you.
Sonja hits you with a +2 dagger of distortion.
Sonja hits you but does no damage. Space warps horribly around you!
You block Sonja's attack.
You feel very mighty all of a sudden.
Sonja hits you with a +2 dagger of distortion.
Space warps around you.
* * * LOW HITPOINT WARNING * * *
Sonja hits you with a +2 dagger of distortion.
* * * LOW HITPOINT WARNING * * *
Sonja hits you but does no damage.
You blink.
You feel much better. Sonja hits you but does no damage.
Space warps horribly around you!!
* * * LOW HITPOINT WARNING * * *
Sonja hits you but does no damage. Space warps around you.
* * * LOW HITPOINT WARNING * * *
Sonja hits you but does no damage. Space warps around you.
* * * LOW HITPOINT WARNING * * *
Sonja barely misses you. Sonja hits you but does no damage.
Space warps horribly around you.
You die...

..###... #.......
#......### ##.......
#.....#.. ###........
........# ##..........
.......####..#........
#...§P§............ ##
#§§§.......K....... ###.
##§§§§#......P.....#
#...##PK@§§§......#.....#
#......§§§§#§.....#.....#
#.:.P#.§§..+......#......
+...+.......§....... ..
#.######..§.P.§....#.. #
#.....#.........
##....#..$...#.
.....#####+## ......


You could see Sonja.

Vanquished Creatures
  A hydra (D:10)
  3 death yaks
  Nergalle (D:10)
  Pikel (D:6)
  A kobold demonologist (D:10)
  A hornet (D:10)
  Prince Ribbit (D:7)
  A wraith (D:10)
  19 yaks
  A steam dragon (D:9)
  4 vampire mosquitoes (D:9)
  Menkaure (D:4)
  3 water moccasins
  Duvessa (D:7)
  2 sky beasts (D:7)
  3 orc warriors
  3 ogres
  An ice beast (D:6)
  2 black bears
  A centaur (D:8)
  2 lemures (D:6)
  7 kobold brigands
  3 bullfrogs
  A scorpion (D:4)
  4 water moccasin zombies
  Dowan (D:7)
  9 wights
  5 howler monkeys
  4 electric eels (D:10)
  4 centaur zombies
  A jelly (D:6)
  3 hounds
  An orc priest (D:7)
  A bullfrog skeleton (D:7)
  3 hell rats (D:10)
  A scorpion zombie (D:5)
  Natasha (twice) (D:2)
  An iguana (D:4)
  5 orc wizards
  A hound zombie (D:5)
  2 mummies (Ossuary)
  A howler monkey zombie (D:7)
  6 gnolls
  7 adders
  A river rat (D:10)
  2 white imps
  5 adder zombies (Ossuary)
  An adder skeleton (D:4)
  6 worms
  5 dart slugs
  20 orcs
  5 ball pythons
  7 endoplasms
  3 giant cockroaches
  A gnoll zombie (Ossuary)
  14 goblins
  9 hobgoblins
  4 jackals (D:1)
  23 kobolds
  4 quokkas
  5 bats
  6 frilled lizards
  6 hobgoblin zombies (Ossuary)
  6 kobold zombies (Ossuary)
  2 orc zombies (Ossuary)
  12 rats
273 creatures vanquished.

Notes
Turn   | Place    | Note
-------+----------+-------------------------------------------
     0 | D:1      | Infinimo the Gargoyle Berserker began the quest for the
                  | Orb.
     0 | D:1      | Reached XP level 1. HP: 14/14 MP: 1/1
   143 | D:1      | Reached XP level 2. HP: 19/19 MP: 2/2
   174 | D:1      | Found Biwkour's General Store.
   555 | D:1      | Reached XP level 3. HP: 19/23 MP: 3/3
   835 | D:1      | Reached ** piety under Trog
  1243 | D:2      | Noticed Natasha
  1254 | D:2      | Killed Natasha
  1255 | D:2      | Reached skill level 4 in Maces & Flails
  1255 | D:2      | Reached XP level 4. HP: 29/29 MP: 4/4
  1291 | D:2      | Noticed Natasha
  1301 | D:2      | Killed Natasha
  2075 | D:2      | Reached XP level 5. HP: 28/33 MP: 5/5
  2360 | D:3      | Found a hazy altar of Hepliaklqana.
  2776 | D:3      | Reached skill level 5 in Maces & Flails
  2839 | D:3      | Reached XP level 6. HP: 36/39 MP: 6/6
  2961 | D:3      | Found a broken altar of Ashenzari.
  2965 | D:3      | Found a snail-covered altar of Cheibriados.
  2969 | D:3      | Found a glowing silver altar of Zin.
  3282 | D:4      | Identified the +10 long sword of Generosity {vorpal, Will+
                  | Str+2}
  3412 | D:4      | Noticed a black bear
  3423 | D:4      | Killed a black bear
  3432 | D:4      | Noticed Menkaure
  3469 | D:4      | Killed Menkaure
  3470 | D:4      | Reached skill level 5 in Fighting
  3470 | D:4      | Reached XP level 7. HP: 23/44 MP: 7/7
  3673 | D:4      | Reached skill level 6 in Maces & Flails
  3736 | D:4      | Found a stormy altar of Qazlal.
  3844 | D:4      | Found a staircase to the Ecumenical Temple.
  4207 | D:4      | Reached *** piety under Trog
  4762 | D:4      | Found a shimmering blue altar of Sif Muna.
  4842 | D:5      | Entered Level 5 of the Dungeon
  4899 | D:5      | Reached skill level 5 in Armour
  4969 | D:5      | Found a sparkling altar of Nemelex Xobeh.
  4983 | D:5      | Reached XP level 8. HP: 51/51 MP: 8/8
  5090 | D:5      | Reached skill level 7 in Maces & Flails
  5366 | D:5      | Found a bloodstained altar of Trog.
  5780 | D:6      | Noticed Pikel
  5781 | D:6      | Noticed a two-headed ogre
  5801 | D:6      | Killed Pikel
  6330 | D:6      | Reached skill level 8 in Maces & Flails
  6604 | D:6      | Reached XP level 9. HP: 56/56 MP: 9/9
  7068 | D:7      | Found an iron altar of Okawaru.
  7082 | D:7      | Noticed Prince Ribbit
  7094 | D:7      | Killed Prince Ribbit
  7237 | D:7      | Found a hide-covered altar of Uskayaw.
  7449 | D:7      | Noticed Duvessa
  7456 | D:7      | Noticed Dowan
  7462 | D:7      | Killed Duvessa
  7468 | D:7      | Killed Dowan
  7678 | D:7      | Reached skill level 9 in Maces & Flails
  8169 | D:8      | Found an opulent altar of Gozag.
  8487 | D:8      | Reached XP level 10. HP: 64/64 MP: 10/10
  8498 | D:8      | Reached skill level 5 in Shields
  8512 | D:8      | Reached skill level 10 in Maces & Flails
  8681 | D:8      | Found an ancient bone altar of Kikubaaqudgha.
  8858 | D:8      | Found a sand-covered staircase.
  8917 | Ossuary  | Entered an ossuary
  9084 | Ossuary  | Reached **** piety under Trog
  9179 | Ossuary  | Identified the +0 leather armour of the Durable Hart
                  | {Dex+3}
 10311 | D:9      | Found Hecleiw's Distillery.
 10399 | D:9      | Reached skill level 11 in Maces & Flails
 10563 | D:9      | Reached XP level 11. HP: 56/71 MP: 11/11
 10890 | D:10     | Entered Level 10 of the Dungeon
 10890 | D:10     | Noticed Nergalle
 10922 | D:10     | Killed Nergalle
 11117 | D:10     | Noticed gnacko's ghost (novice KoEn)
 11124 | D:10     | Found a flagged portal.
 11135 | Bailey   | Entered a bailey
 11221 | Bailey   | Noticed an orc knight
 11527 | D:10     | Noticed a moth of wrath
 11528 | D:10     | Noticed a tengu warrior
 11558 | D:10     | Found a staircase to the Orcish Mines.
 11596 | D:10     | Noticed a death yak
 11598 | D:10     | Found a staircase to the Lair.
 11598 | D:10     | Noticed a death yak
 11625 | D:10     | Killed a death yak
 11634 | D:10     | Noticed a death yak
 11972 | D:9      | Killed a death yak
 12110 | D:10     | Killed a death yak
 12111 | D:10     | Reached skill level 12 in Maces & Flails
 12704 | D:10     | Noticed a seven-headed hydra
 12766 | D:10     | Killed a seven-headed hydra
 12767 | D:10     | Reached skill level 10 in Fighting
 12882 | D:10     | Found a basalt altar of Yredelemnul.
 13129 | D:10     | Found a portal to a secret trove of treasure.
 13245 | D:10     | Found a transporter.
 13249 | D:10     | Found a bloodstained altar of Trog.
 13261 | D:10     | Found a transporter.
 13456 | Lair:1   | Entered Level 1 of the Lair of Beasts
 13565 | Lair:1   | Noticed Sonja
 13583 | Lair:1   | Slain by Sonja

Illustrated notes

Levels and vault maps discovered:
D:1:      nicolae_arrival_memento_mori, layout_loops_cross, serial_shops,
          nicolae_shop_hallway_stairs
D:2:      layout_loops_ring, grunt_decor_junction,
          chequers_serial_rivers_micro_c, uniq_natasha
D:3:      layout_loops_cross, grunt_temple_overflow_diamond,
          mainiacjoe_overflow_concentric_impassable, minmay_mini_jars
D:4:      layout_loops_ring, tgw_sif, general_overflow_altar,
          minmay_temple_entry_arrows, uniq_menkaure
D:5:      layout_basic, trog_book, nemelex_dance_club_becter,
          serial_bayou_pond_d
D:6:      layout_loops_ring, uniq_pikel
D:7:      layout_gridville, amcnicky_altar_gilded, marbit_many_paths,
          nicolae_elevator_lobby_asterisk, uniq_duvessa, uniq_prince_ribbit1
D:8:      layout_layer_cave, mainiacjoe_overflow_surrounded_room,
          grunt_gozag_statues, nicolae_ossuary_entry_ruins
D:9:      layout_cave_pools, serial_shops, nicolae_shop_waterfront,
          nicolae_figureground_sparkle
D:10:     layout_basic, lemuel_doored_altar, dpeg_lair_monsters, enter_bailey_3,
          enter_trove_0, gammafunk_ghost_wrathful_warriors, uniq_nergalle
Lair:1:   layout_regular_city, beast_lair_carwin_9, grunt_megastairs_3,
          uniq_sonja

Skill      XL: |  1  2  3  4  5  6  7  8  9 10 11 |
---------------+----------------------------------+-----
Maces & Flails | 4 5 6 8 9 11 12 | 12.5
Armour         | 3 4 5 6 7 8 9 |  9.8
Fighting       | 4 5 6 7 9 10 | 10.1
Shields        | 2 4 6 8 |  8.0
Dodging        | |  1.5

Action                   |  1- 3 |  4- 6 |  7- 9 | 10-12 || total
-------------------------+-------+-------+-------+-------++-------
Melee: Mace              |    79 |    77 |       |       ||   156
       Punch             |     1 |       |     1 |       ||     2
       Flail             |       |   103 |   404 |   503 ||  1010
       Morningstar       |       |       |       |    81 ||    81
Invok: Berserk           |     2 |     5 |    15 |    16 ||    38
       Trog's Hand       |       |     1 |       |       ||     1
  Use: Scroll            |       |     6 |     5 |    15 ||    26
       Potion            |       |     2 |     2 |     3 ||     7
Armor: Animal skin       |    18 |       |       |       ||    18
       Plate armour      |    27 |   134 |   312 |   443 ||   916
Dodge: Dodged            |    35 |    53 |   135 |   177 ||   400
       Repelled          |       |       |     3 |     2 ||     5
Block: Buckler           |       |       |    39 |   115 ||   154
